 Dungeon Crawl Stone Soup version 0.25-a0-544-gee0576305d (webtiles) character file.

Game seed: 16722516841945884920, levelgen mode: deterministic

145 Esekla the Magician (level 5, 0/28 HPs)
             Began as a Deep Elf Wizard on Feb 20, 2020.
             Was a Follower of Vehumet.
             Slain by Pikel
             ... wielding a +0 whip of freezing
              (5 damage)
             ... on level 4 of the Dungeon.
             The game lasted 00:28:06 (3882 turns).

Esekla the Magician (Deep Elf Wizard)               Turns: 3882, Time: 00:28:11

Health: 0/28       AC:  3    Str:  5    XL:     5   Next: 6%
Magic:  10/15      EV: 13    Int: 23    God:    Vehumet [*.....]
Gold:   107        SH:  0    Dex: 13    Spells: 6/16 levels left

rFire    . . .     SeeInvis .   v - +1 dagger (venom)
rCold    . . .     Gourm    .   (no shield)
rNeg     . . .     Faith    .   a - +0 robe
rPois    .         Spirit   .   n - +0 helmet
rElec    .         Reflect  .   (no cloak)
rCorr    .         Harm     .   (no gloves)
MR       .....                  (no boots)
Stlth    +++.......             (no amulet)
HPRegen  0.09/turn              k - ring of stealth
MPRegen  0.14/turn              s - ring of flight

@: no status effects
A: no striking features
a: Renounce Religion, Evoke Flight


You were on level 4 of the Dungeon.
You worshipped Vehumet.
Vehumet was aware of your devotion.
You were not hungry.

You visited 2 branches of the dungeon, and saw 5 of its levels.

You collected 107 gold pieces.

Inventory:

Hand Weapons
 v - a +1 dagger of venom (weapon)
Missiles
 b - 5 atropa-tipped darts (quivered)
 u - 6 poisoned darts
Armour
 a - a +0 robe (worn)
 g - a +0 buckler
 n - a +0 helmet (worn)
Jewellery
 k - a ring of stealth (left hand)
 s - a ring of flight (right hand)
Scrolls
 c - 3 scrolls of identify {unknown}
 f - 3 scrolls of magic mapping {unknown}
 i - 3 scrolls of remove curse {unknown}
 j - 2 scrolls of enchant armour {unknown}
 l - a scroll of fog {unknown}
 o - a scroll of blinking {unknown}
 p - 2 scrolls of teleportation {unknown}
 t - a scroll of immolation {unknown}
Potions
 e - 5 potions of curing {unknown}
 h - 3 potions of lignification {unknown}
 m - a potion of might {unknown}
 q - 2 potions of flight {unknown}
 r - a potion of cancellation {unknown}
Comestibles
 d - 10 rations


   Skills:
 * Level 0.5 Short Blades
 + Level 3.0 Dodging
 + Level 2.8 Stealth
 * Level 6.1 Spellcasting
 * Level 2.1 Conjurations
   Level 1.1 Summonings
 * Level 1.7 Translocations
 * Level 0.6 Air Magic
 * Level 1.4 Poison Magic


You had 6 spell levels left.
You knew the following spells:

 Your Spells              Type           Power        Failure   Level  Hunger
a - Magic Dart            Conj           ###.         3%          1    None
b - Blink                 Tloc           N/A          6%          2    None
c - Mephitic Cloud        Conj/Pois/Air  ##......     14%         3    #......
d - Foxfire               Conj/Fire      ##..         5%          1    None
f - Conjure Flame         Conj/Fire      ##......     16%         3    #......

Your spell library contained the following spells:

 Spells                   Type           Power        Failure   Level  Hunger
 Call Imp                 Summ           ##......     9%          2    None
 Slow                     Hex            #.......     13%         2    None


Dungeon Overview and Level Annotations

Branches:
Dungeon (4/15)             Temple (1/1) D:4

Altars:
Qazlal
Sif Muna
Vehumet

Annotations:
D:4 Menkaure, Pikel


Message History

You hit Pikel but do no damage.
Pikel looks as sick as possible!
Pikel is severely wounded.
The foxfire hits Pikel but does no damage.
Pikel is almost dead.
The foxfire hits Pikel but does no damage.
Pikel is almost dead.
Pikel barely misses you.
The hound skeleton bites you but does no damage.
Casting: Foxfire (safe; 5% risk of failure)
Confirm with . or Enter, or press ? or * to list all spells.
Aiming: Magic Dart (safe; 3% risk of failure)
Press: ? - help, Shift-Dir - straight line, f - Pikel
Aim: Pikel, wielding a +0 whip of freezing and wearing a +0 robe (almost dead, extremely poisoned)
The magic dart hits Pikel but does no damage.
Pikel is almost dead.
The hound skeleton completely misses you.
Pikel hits you with a +0 whip of freezing!
* * * LOW HITPOINT WARNING * * *
Pikel freezes you.
You die...

.. #.# #.##.# ..#.#
#.#.# ...#
#..#######
#ยง.......#
##.@......#
#.ZK......#
#.#...#####
####.....+
#........#
##########.....%..#
#....pp...........#
#.##############.##
#{# #.#


You could see Pikel and a hound skeleton.

Vanquished Creatures
  A slave (D:4)
  A hound skeleton (D:4)
  Robin (D:2)
  2 adders
  2 oozes
  An adder skeleton (D:3)
  5 worms (D:2)
  5 dart slugs
  2 leopard geckos
  A ball python (D:1)
  A giant cockroach (D:2)
  13 goblins
  7 hobgoblins
  3 jackals (D:3)
  9 kobolds
  2 quokkas
  8 bats
  5 frilled lizards
  4 rats
73 creatures vanquished.

Vanquished Creatures (others)
  2 foxfires (D:4)
2 creatures vanquished.

Grand Total: 75 creatures vanquished

Notes
Turn   | Place    | Note
-------+----------+-------------------------------------------
     0 | D:1      | Esekla the Deep Elf Wizard began the quest for the Orb.
     0 | D:1      | Reached XP level 1. HP: 10/10 MP: 7/7
   345 | D:1      | Reached XP level 2. HP: 15/15 MP: 4/9
   353 | D:1      | Learned a level 2 spell: Blink
   394 | D:2      | Reached skill level 5 in Spellcasting
   825 | D:2      | Found a radiant altar of Vehumet.
   866 | D:2      | Became a worshipper of Vehumet
   868 | D:2      | Noticed Robin
   888 | D:1      | Reached XP level 3. HP: 3/19 MP: 5/11
  1170 | D:1      | Learned a level 3 spell: Mephitic Cloud
  1174 | D:1      | Learned a level 3 spell: Conjure Flame
  1326 | D:1      | You fall into a shaft and drop 1 floor!
  2407 | D:2      | Reached XP level 4. HP: 24/24 MP: 10/13
  2544 | D:2      | Killed Robin
  2555 | D:2      | Reached skill level 6 in Spellcasting
  2945 | D:3      | Reached * piety under Vehumet
  2945 | D:3      | Offered knowledge of Foxfire by Vehumet.
  2967 | D:3      | Learned a level 1 spell: Foxfire
  3272 | D:3      | Reached skill level 1 in Poison Magic
  3480 | D:4      | Noticed Menkaure
  3727 | D:4      | Noticed Pikel
  3727 | D:4      | Noticed a slave
  3727 | D:4      | Noticed a slave
  3727 | D:4      | Noticed a slave
  3727 | D:4      | Noticed a slave
  3751 | D:4      | Found a staircase to the Ecumenical Temple.
  3759 | D:4      | Killed a slave
  3761 | D:4      | Reached XP level 5. HP: 25/28 MP: 5/15
  3772 | Temple   | Entered the Ecumenical Temple
  3882 | D:4      | Slain by Pikel

Levels and vault maps discovered:
D:1:      zelgadis_glass_arrival_small, layout_loops_corners
D:2:      minmay_general_purpose_star, layout_basic, vehumet_crystals,
          first_ration, uniq_robin
D:3:      layout_rooms, minivault_5
D:4:      layout_basic, minmay_temple_entry_antechambers, uniq_menkaure,
          uniq_pikel
Temple:   dpeg_chambers_temple

Skill      XL: |  1  2  3  4 |
---------------+-------------+-----
Spellcasting   | 5 6 |  6.1
Conjurations   | 2 |  2.1
Poison Magic   | 1 |  1.4
Dodging        | 3 |  3.0
Short Blades   | |  0.5
Stealth        | |  2.8
Summonings     | |  1.1
Translocations | |  1.7
Air Magic      | |  0.6

Action                   |  1- 3 |  4- 6 || total
-------------------------+-------+-------++-------
Melee: Dagger            |    36 |    51 ||    87
 Cast: Magic Dart        |    74 |    39 ||   113
       Blink             |     3 |     4 ||     7
       Mephitic Cloud    |     2 |     3 ||     5
       Conjure Flame     |     1 |     2 ||     3
       Foxfire           |       |     1 ||     1
 Stab: Sleeping          |     4 |     3 ||     7
       Confused          |     1 |     1 ||     2
  Eat: Chunk             |     4 |     3 ||     7
       Ration            |       |     1 ||     1
Armor: Robe              |     8 |     8 ||    16
Dodge: Dodged            |    21 |    40 ||    61

Table legend:
 A = Non-vault XP
 B = Vault XP
 C = Vault XP percentage of total XP
 D = Non-vault monster count
 E = Vault monster count
 F = Vault count percentage of total count
                 A         B        C        D         E       F
            +---------+---------+-------+---------+---------+-------
      Total |     181 |      27 |  13.0 |      62 |      10 |  13.9
            +---------+---------+-------+---------+---------+-------
        D:1 |      39 |       3 |   7.1 |      21 |       2 |   8.7
        D:2 |      66 |      24 |  26.7 |      23 |       8 |  25.8
        D:3 |      45 |       0 |   0.0 |      16 |       0 |   0.0
        D:4 |      31 |       0 |   0.0 |       2 |       0 |   0.0
            +---------+---------+-------+---------+---------+-------
